 Dungeon Crawl Stone Soup version 0.20.0-10-g0535bb4 (webtiles) character file.

154 Rrauwl the Shooter (level 5, 0/45 HPs)
             Began as a Centaur Hunter on June 6, 2017.
             Slain by a river rat (7 damage)
             ... in a sewer.
             The game lasted 00:09:35 (2658 turns).

Rrauwl the Shooter (Centaur Hunter)                 Turns: 2658, Time: 00:09:35

Health: 0/45       AC:  6    Str: 13 (14) XL:     5   Next: 13%
Magic:  5/5        EV:  8    Int:  9 (10) God:
Gold:   75         SH:  0    Dex:  8 (11) Spells: 4/4 levels left

rFire    . . .     SeeInvis .   a - +0 spear
rCold    . . .     Gourm    .   (no shield)
rNeg     . . .     Faith    .   l - +1 ring mail
rPois    +         Spirit   .   (helmet restricted)
rElec    .         Reflect  .   (no cloak)
rCorr    .         Harm     .   (no gloves)
MR       .....                  (no barding)
Stlth    ..........             g - amulet of magic regeneration
Regen    0.2/turn               (no ring)
MPRegen  0.2/turn               (no ring)

@: very quick
A: hooves 3, horns 1, deformed body, speed 2, poison resistance, tough skin 3,
evolution 1
a: no special abilities


You were in a sewer.
You were not hungry.

You visited 1 branch of the dungeon, and saw 3 of its levels.
You also visited: Sewer.

You collected 75 gold pieces.

Inventory:

Hand Weapons
 a - a +0 spear (weapon)
 b - a +1 shortbow
Missiles
 d - 6 arrows
Armour
 l - a +1 ring mail (worn)
Jewellery
 g - an amulet of magic regeneration (around neck)
 p - an uncursed amulet of harm
Scrolls
 e - 3 scrolls of identify
 i - 2 scrolls of fear
 q - a scroll of remove curse
Potions
 k - a potion of mutation
 r - a potion of invisibility
Comestibles
 c - 3 chunks of flesh
 f - 2 bread rations
 s - a meat ration


   Skills:
 + Level 3.0 Fighting
 + Level 7.5 Bows
 - Level 1.0 Armour
 - Level 1.3 Dodging
 - Level 0.4 Stealth


You had 4 spell levels left.
You didn't know any spells.

Dungeon Overview and Level Annotations

Branches:
Dungeon (3/15)

Altars:
Gozag


Innate Abilities, Weirdness & Mutations

You have hooves in place of feet.
Armour fits poorly on your strangely shaped body.
You cover ground very quickly.
You have extremely tough skin. (AC +3)
You have a pair of small horns on your head.
Your system is resistant to poisons. (rPois)
You evolve.


Message History

You closely miss the river rat.
You kick the river rat, but do no damage.
The river rat bites you but does no damage.
You hit the river rat.
You kick the river rat, but do no damage.
The river rat is lightly wounded.
The river rat bites you.
You hit the river rat. You kick the river rat.
The river rat is heavily wounded.
The river rat bites you!
* * * LOW HITPOINT WARNING * * *
The river rat bites you but does no damage.
You hit the river rat but do no damage. You kick the river rat.
The river rat is almost dead.
The river rat bites you.
* * * LOW HITPOINT WARNING * * *
You barely miss the river rat.
The river rat is almost dead.
The river rat bites you!
You die... ############### #..@rr.∩......≈ ###############

You could see a river rat and a rat.

Vanquished Creatures
  Robin (D:2)
  A river rat (Sewer)
  5 adders
  2 oozes
  A worm (D:2)
  A dart slug (D:2)
  3 leopard geckos
  An orc (D:2)
  2 giant cockroaches (D:2)
  17 goblins
  6 hobgoblins
  7 jackals
  8 kobolds
  2 quokkas (D:3)
  4 bats (D:1)
  A frilled lizard (D:1)
  6 rats
68 creatures vanquished.

Notes
Turn   | Place    | Note
-------+----------+-------------------------------------------
     0 | D:1      | Rrauwl the Centaur Hunter began the quest for the Orb.
     0 | D:1      | Reached XP level 1. HP: 17/17 MP: 1/1
    65 | D:1      | Reached XP level 2. HP: 24/24 MP: 2/2
   177 | D:1      | Reached skill level 6 in Bows
   516 | D:2      | Noticed Robin
   524 | D:2      | Killed Robin
   524 | D:2      | Reached XP level 3. HP: 29/29 MP: 3/3
   847 | D:2      | Reached skill level 1 in Armour
   900 | D:2      | Reached XP level 4. HP: 36/36 MP: 4/4
  1001 | D:2      | Found an opulent altar of Gozag.
  1026 | D:2      | Gained mutation: You have a pair of small horns on your head. [potion of mutation]
  1026 | D:2      | Gained mutation: You evolve. [potion of mutation]
  1026 | D:2      | Gained mutation: Your system is resistant to poisons. (rPois) [potion of mutation]
  1032 | D:2      | Reached skill level 7 in Bows
  2474 | D:3      | Noticed a phantom
  2618 | D:3      | Reached XP level 5. HP: 44/44 MP: 5/5
  2619 | D:3      | Found a glowing drain.
  2628 | Sewer    | Entered a sewer
  2658 | Sewer    | Slain by a river rat

Skill      XL: |  1  2  3  4  5 |
---------------+----------------+-----
Bows           | 6 7 |  7.5
Armour         | 1 |  1.0
Fighting       | 3 |  3.0
Dodging        | |  1.3
Stealth        | |  0.4

Action                   |  1- 3 |  4- 6 || total
-------------------------+-------+-------++-------
Melee: Spear             |       |   144 ||   144
       Kick              |       |    28 ||    28
       Headbutt          |       |    10 ||    10
 Fire: Shortbow          |    98 |     6 ||   104
  Use: Potion            |       |     7 ||     7
       Scroll            |       |     6 ||     6
  Eat: Chunk             |       |     4 ||     4
Armor: Ring mail         |     9 |    38 ||    47
       Leather armour    |     2 |       ||     2
Dodge: Dodged            |    11 |    48 ||    59
